 Dungeon Crawl Stone Soup version 0.27-a0-1144-g0b7d3b79db (webtiles) character file.

Game seed: 4270790402597649589

73 bilbop the Magician (level 4, -1/32 HPs)
             Began as a Djinni Air Elementalist on May 10, 2021.
             Slain by a sky beast (6 damage)
             ... on level 2 of the Dungeon.
             The game lasted 00:09:59 (2652 turns).

bilbop the Magician (Djinni Air Elementalist)       Turns: 2652, Time: 00:10:00

Health: -1/32      AC:  3    Str:  7    XL:     4   Next: 27%
Gold:   91         EV: 11    Int: 17    God:
                   SH:  0    Dex: 14

rFire    + + .     SeeInvis .   d - +0 dagger
rCold    x . .     Faith    .   (no shield)
rNeg     . . .     Spirit   .   j - +0 leather armour
rPois    ∞         Reflect  .   (no helmet)
rElec    .         Harm     .   (no cloak)
rCorr    .         Rampage  .   (no gloves)
Will     .....                  (boots unavailable)
Stlth    ++........             (no amulet)
HPRegen  0.10/turn              (no ring)
MPRegen  0.00/turn              (no ring)

@: flying
A: sickness immunity, fire resistance 2, cold vulnerability 1, float, innate
caster, hp casting, extra vitality 1
a: no special abilities


You were on level 2 of the Dungeon.
You visited 1 branch of the dungeon, and saw 2 of its levels.

You collected 91 gold pieces.

Inventory:

Hand Weapons
 d - a +0 dagger (weapon)
Armour
 a - a +0 robe
 j - a +0 leather armour (worn)
Wands
 l - a wand of paralysis (3)
Scrolls
 b - 3 scrolls of teleportation {unknown}
 e - 2 scrolls of noise {unknown}
 f - a scroll of fog {unknown}
 h - a scroll of immolation {unknown}
 i - a scroll of identify {unknown}
 k - a scroll of acquirement {unknown}
Potions
 c - a potion of magic {unknown}
 g - 3 potions of brilliance {unknown}
 m - a potion of attraction {unknown}


   Skills:
 + Level 1.4 Fighting
 + Level 1.2 Long Blades
 - Level 2.1 Dodging
 + Level 2.2 Stealth
 * Level 3.4 Spellcasting


You couldn't memorise any spells.
You knew the following spells:

 Your Spells              Type           Power      Damage    Failure   Level
a - Shock                 Conj/Air       56%        1d6       6%          1
b - Static Discharge      Conj/Air       14%        N/A       10%         2
c - Swiftness             Air            14%        N/A       19%         3
d - Airstrike             Air            7%         N/A       52%         4
e - Lightning Bolt        Conj/Air       7%         1d19      86%         5
f - Summon Small Mammal   Summ           56%        N/A       6%          1
Your spell library was empty.

Dungeon Overview and Level Annotations

Branches:
Dungeon (2/15)

Altars:

Shops:
D:1 *


Innate Abilities, Weirdness & Mutations

You are immune to sickness and miasma.
You are immune to poison.
Your flesh is very heat resistant. (rF++)
You are vulnerable to cold. (rC-)
You float through the air rather than walking.
You learn spells naturally, not from books.
Your magical power is your life essence.
You have superior vitality. (+4 HP)


Message History

Casting: Summon Small Mammal (safe; 6% risk of failure)
Confirm with . or Enter, or press ? or * to list all spells.
Your bat barely misses the sky beast.
Your bat closely misses the sky beast.
Your rat barely misses the sky beast.
Your bat hits the sky beast but does no damage.
Your rat misses the sky beast.
Your rat closely misses the sky beast.
Your bat closely misses the sky beast.
Your bat closely misses the sky beast.
Your bat barely misses the sky beast.
Your rat misses the sky beast.
Casting: Summon Small Mammal (safe; 6% risk of failure)
Confirm with . or Enter, or press ? or * to list all spells.
You miscast Summon Small Mammal.
You are very lightly contaminated with residual magic.
Nothing appears to happen.
Casting: Summon Small Mammal (safe; 6% risk of failure)
Confirm with . or Enter, or press ? or * to list all spells.
Your bat disappears in a puff of smoke!
The sky beast hits you. The sky beast shocks you.
Your rat barely misses the sky beast.
Your bat closely misses the sky beast.
Your bat barely misses the sky beast.
Your magical contamination has completely faded away.
Your bat barely misses the sky beast.
Your rat disappears in a puff of smoke!
The sky beast hits you. The sky beast shocks you.
* * * LOW HITPOINT WARNING * * *
Casting: Summon Small Mammal (safe; 6% risk of failure)
Confirm with . or Enter, or press ? or * to list all spells.
Okay, then.
Casting: Summon Small Mammal (safe; 6% risk of failure)
Confirm with . or Enter, or press ? or * to list all spells.
Okay, then.
You hit the sky beast but do no damage.
The sky beast is lightly wounded.
Your rat closely misses the sky beast.
The sky beast flickers out of sight!
Deactivating autopickup; reactivate with Ctrl-A.
Something hits you.
* * * LOW HITPOINT WARNING * * *
Something shocks you.
You die...

##(.(#####...###.#..######
#............###..........
#.###.#.......#........... # #.#
#...#)................ ##### #.#
###.#..##...(.........
....###.#####...................
#..........>....................
###.##.##.....r{.###............
# #..#.#..b#.###@# ##...........
# #Y.......b.# #.# ##......... #
..##...#..## #.######..###### .
...#..##...###....#
........##.#.r.....(#
##..#.....#####....# ..###
###### #. ..


You could see a friendly rat (summoned).

Vanquished Creatures
  3 adders (D:2)
  5 ball pythons
  4 bats
  4 endoplasms
  A giant cockroach (D:1)
  7 goblins
  6 hobgoblins
  2 jackals (D:1)
  3 quokkas (D:1)
  A frilled lizard (D:1)
  4 kobolds
40 creatures vanquished.

Notes
Turn   | Place    | Note
-------+----------+-------------------------------------------
     0 | D:1      | bilbop the Djinni Air Elementalist began the quest for the
                  | Orb.
     0 | D:1      | Reached XP level 1. HP: 15/15 MP: 0/0
   473 | D:1      | Reached XP level 2. HP: 11/22 MP: 0/0
   811 | D:1      | Reached skill level 3 in Spellcasting
   896 | D:1      | Found Alotz's General Store.
  1297 | D:1      | Reached XP level 3. HP: 22/26 MP: 0/0
  1297 | D:1      | Learned a level 1 spell: Summon Small Mammal
  1547 | D:1      | Reached skill level 1 in Fighting
  1751 | D:1      | You are sucked into a shaft and drop 1 floor!
  1773 | D:2      | Reached skill level 1 in Long Blades
  2018 | D:2      | Reached XP level 4. HP: 27/32 MP: 0/0
  2382 | D:2      | Noticed a sky beast
  2652 | D:2      | Slain by a sky beast

Illustrated notes

Levels and vault maps discovered:
D:1:      lemuel_arrival_behind_the_door_large, layout_loops_ring, serial_shops,
          shop, roderic_serpentine_path
D:2:      layout_rooms, minmay_circle_x

Skill      XL: |  1  2  3 |
---------------+----------+-----
Spellcasting   | 3 |  3.4
Fighting       | 1 |  1.4
Stealth        | 2 |  2.2
Long Blades    | 1 |  1.2
Dodging        | |  2.1

Action                   |  1- 3 |  4- 6 || total
-------------------------+-------+-------++-------
Melee: Unarmed           |     1 |       ||     1
       Dagger            |     2 |     1 ||     3
 Cast: Shock             |    79 |    15 ||    94
       Summon Small Mamm |     3 |    12 ||    15
Armor: Robe              |     6 |       ||     6
       Leather armour    |       |     1 ||     1
Dodge: Dodged            |    27 |     1 ||    28

Table legend: (Time is in decaauts)
 A = Elapsed time spent in this place.
 B = Non-inter-level travel time spent in this place.
 C = Inter-level travel time spent in this place.
 D = Time resting spent in this place.
 E = Time spent auto-exploring this place.
 F = Levels seen in this place.
 G = Mean time per level.
                   A        B        C        D        E       F      G
               +--------+--------+--------+--------+--------+-----+--------+
         Total |   2652 |   2559 |     93 |    912 |   1415 |   2 | 1326.0 |
       Dungeon |   2652 |   2559 |     93 |    912 |   1415 |   2 | 1326.0 |
               +--------+--------+--------+--------+--------+-----+--------+

Top non-repeatable levels by time:
     D:1: 1892 daAuts
     D:2: 760 daAuts
